 Dungeon Crawl Stone Soup version 0.26.1-11-gd32895ea62 (webtiles) character file.

Game seed: 1125310403647310328

231 raph the Chiller (level 5, 0/28 HPs)
             Began as a Deep Elf Ice Elementalist on Apr 28, 2021.
             Killed by divine providence
             ... invoked by an orc priest
              (15 damage)
             ... on level 4 of the Dungeon.
             The game lasted 00:08:24 (3337 turns).

raph the Chiller (Deep Elf Ice Elementalist)        Turns: 3337, Time: 00:08:25

Health: 0/28       AC: 13    Str:  5    XL:     5   Next: 72%
Magic:  6/12       EV: 14    Int: 21    God:
Gold:   129        SH:  5    Dex: 21    Spells: 3/10 levels left

rFire    + . .     SeeInvis .   a - +2 dagger (elec)
rCold    . . .     Faith    .   (no shield)
rNeg     . . .     Spirit   .   p - +0 robe
rPois    .         Reflect  +   r - +1 helmet
rElec    .         Harm     .   (no cloak)
rCorr    .         Rampage  .   w - +0 pair of gloves
Will     .....                  k - +0 pair of boots
Stlth    +++.......             q - amulet of reflection
HPRegen  0.09/turn              t - ring of protection from fire
MPRegen  0.13/turn              u - +6 ring of dexterity

@: icy armour, frozen ramparts
A: no striking features
a: no special abilities


You were on level 4 of the Dungeon.
You visited 1 branch of the dungeon, and saw 4 of its levels.

You collected 129 gold pieces.

Inventory:

Hand Weapons
 a - a +2 dagger of electrocution (weapon)
 b - a +3 dagger of speed
Armour
 k - a +0 pair of boots (worn)
 p - a +0 robe (worn)
 r - a +1 helmet (worn)
 w - a +0 pair of gloves (worn)
Jewellery
 i - a cursed +4 ring of evasion {unknown}
 q - an amulet of reflection (around neck)
 t - a ring of protection from fire (left hand)
 u - a +6 ring of dexterity (right hand)
Wands
 y - a wand of acid (10)
Scrolls
 f - a scroll of magic mapping
 g - 2 scrolls of identify
 j - 3 scrolls of remove curse
 z - a scroll of teleportation
Potions
 c - 3 potions of heal wounds
 d - a potion of resistance {unknown}
 e - a potion of might {unknown}
 h - 2 potions of flight
 l - a potion of lignification {unknown}
 m - 2 potions of mutation {unknown}
 n - a potion of haste {unknown}
 o - a potion of magic {unknown}
 s - 2 potions of berserk rage {unknown}
 v - a potion of curing {unknown}
 x - a potion of brilliance {unknown}


   Skills:
 - Level 2.8 Dodging
 - Level 2.9 Stealth
 - Level 3.4 Spellcasting
 + Level 7.3 Ice Magic


You had 3 spell levels left.
You knew the following spells:

 Your Spells              Type           Power        Failure   Level
a - Freeze                Ice            100%         1%          1
b - Frozen Ramparts       Ice            68%          1%          3
c - Ozocubu's Armour      Ice            34%          1%          3

Your spell library contained the following spells:

 Spells                   Type           Power        Failure   Level
 Hailstorm                Conj/Ice       19%          28%         4
 Summon Ice Beast         Ice/Summ       19%          28%         4


Dungeon Overview and Level Annotations

Branches:
Dungeon (4/15)
 Temple: D:4-7

Altars:
Cheibriados
Elyvilon
Makhleb
Nemelex Xobeh
Uskayaw
Xom
Yredelemnul


Message History

The orc wizard gestures at itself while chanting.
The orc wizard flickers and vanishes!
Deactivating autopickup; reactivate with Ctrl-A.
The wall freezes the orc.
Casting: Frozen Ramparts (safe; 1% risk of failure)
Confirm with . or Enter, or press ? or * to list all spells.
A film of ice covers your body!
The wall freezes something.
The wall freezes the orc!
You kill the orc!
The wall freezes something!
Reactivating autopickup.
You feel a bit more experienced.
The wall freezes the orc priest!
The orc priest mumbles some strange prayers to Beogh against you.
Beogh smites you!
Unknown command.
The wall freezes the orc priest.
The orc priest calls down the wrath of Beogh upon you.
Beogh smites you!
Ouch! That really hurt!
You die...

#.# #.# # ..#####.#
.#
........######.#####
########............
#........###
#..#######
#######..#####
#...@).)?....#
#.#####o.###.# #..#
#..$# .o..# .o...
oo##### .. #..


You could see an orc priest.

Vanquished Creatures
  An orc priest (D:4)
  2 orc wizards (D:4)
  Robin (D:2)
  4 adders
  An ooze (D:2)
  A worm (D:4)
  2 leopard geckos
  11 orcs
  A ball python (D:1)
  7 bats
  A giant cockroach (D:1)
  13 goblins
  6 hobgoblins
  7 jackals
  10 kobolds
  A quokka (D:4)
  6 frilled lizards
  A leopard gecko skeleton (D:4)
  4 rats
80 creatures vanquished.

Notes
Turn   | Place    | Note
-------+----------+-------------------------------------------
     0 | D:1      | raph the Deep Elf Ice Elementalist began the quest for the
                  | Orb.
     0 | D:1      | Reached XP level 1. HP: 10/10 MP: 6/6
   142 | D:1      | Reached XP level 2. HP: 15/15 MP: 2/8
   732 | D:1      | Reached XP level 3. HP: 17/19 MP: 9/9
   736 | D:1      | Learned a level 3 spell: Frozen Ramparts
   740 | D:1      | Learned a level 3 spell: Ozocubu's Armour
   838 | D:2      | Reached skill level 5 in Ice Magic
   912 | D:2      | Noticed Robin
   924 | D:2      | Killed Robin
  1203 | D:2      | Found a basalt altar of Yredelemnul.
  1252 | D:2      | Found a hide-covered altar of Uskayaw.
  1643 | D:2      | Reached XP level 4. HP: 16/24 MP: 8/11
  2323 | D:3      | Reached skill level 6 in Ice Magic
  2418 | D:3      | Found a burning altar of Makhleb.
  2420 | D:3      | Found a shimmering altar of Xom.
  2943 | D:3      | Found a sparkling altar of Nemelex Xobeh.
  2943 | D:3      | Found a white marble altar of Elyvilon.
  2946 | D:3      | Found a snail-covered altar of Cheibriados.
  3051 | D:4      | Reached XP level 5. HP: 28/28 MP: 8/12
  3220 | D:4      | Reached skill level 7 in Ice Magic
  3337 | D:4      | Killed from afar by an orc priest

Illustrated notes

Levels and vault maps discovered:
D:1:      tarquinn_simple_flora_water_f, layout_rooms
D:2:      layout_basic, yredelemnul_altar_generic,
          eat_drink_and_be_merry_uskayaw, uniq_robin
D:3:      layout_rooms, nicolae_overflow_hidden_temple, due_unseen_surprise
D:4:      layout_loops_ring

Skill      XL: |  1  2  3  4  5 |
---------------+----------------+-----
Ice Magic      | 5 6 7 |  7.3
Dodging        | |  2.8
Stealth        | |  2.9
Spellcasting   | |  3.4

Action                   |  1- 3 |  4- 6 || total
-------------------------+-------+-------++-------
Melee: Unarmed           |     2 |       ||     2
       Dagger            |    40 |    49 ||    89
 Cast: Freeze            |    27 |     2 ||    29
       Frozen Ramparts   |     5 |    16 ||    21
       Ozocubu's Armour  |     1 |     2 ||     3
  Use: Scroll            |       |     9 ||     9
 Stab: Sleeping          |     7 |     2 ||     9
       Distracted        |       |     1 ||     1
Armor: Robe              |    12 |     9 ||    21
Dodge: Dodged            |    29 |    18 ||    47
Block: Other             |     1 |    10 ||    11
       Reflection        |       |     1 ||     1
